Map: Para Site LE

Players

YUNARIA

  • Race: Terran Terran
  • League: Diamond
  • Spawn Location: 5:00

PresTiGe - Winner!

  • Race: Terran Terran
  • League: Diamond
  • Spawn Location: 11:00

VOD

Have the link to the VOD?

Description

Time

  • Played on: Nov. 17, 2018, 3:43 a.m.
  • Length: 20:52
Show
View Real Time Build Order
Export as new Build Order

YUNARIA Terran 

Build Orders: Cyclone Opening, Mech 

Get SALT Encoding   

  12  0:01  SCV  
  13  0:13  SCV  
  14  0:18  Supply Depot  
  14  0:25  SCV  
  15  0:29  Refinery  
  15  0:39  SCV  
  16  0:47  Barracks  
  16  0:51  SCV  
  16  0:56  Refinery  
  17  1:03  SCV  
  18  1:15  SCV  
  19  1:35  Reaper  
  19  1:36  Orbital Command  
  20  1:47  Factory  
  20  1:53  Supply Depot  
  20  2:02  SCV  
  20  2:07  Reaper  
  22  2:14  SCV  
  23  2:26  SCV  
  24  2:32  Cyclone  
  27  2:37  Supply Depot  
  27  2:39  SCV  
  28  2:49  Barracks Reactor  
  28  2:58  Command Center  
  28  3:03  SCV  
  29  3:06  Supply Depot  
  29  3:16  SCV  
  30  3:23  Refinery  
  30  3:28  SCV  
  31  3:34  Cyclone x2  
  31  3:40  SCV  
  37  3:52  SCV  
  38  4:04  SCV  
  39  4:12  Orbital Command, Engineering Bay  
  39  4:16  Cyclone x2  
  44  4:20  Starport  
  44  4:21  SCV  
  45  4:27  Barracks Tech Lab  
  45  4:33  SCV  
  46  4:41  Missile Turret  
  46  4:44  Missile Turret  
  46  4:45  SCV  
  46  4:46  SCV  
  48  4:58  SCV x2  
  50  5:01  Supply Depot  
  50  5:10  SCV x2  
  50  5:11  Raven  
  54  5:16  Refinery  
  54  5:27  SCV x2  
  55  5:30  Cyclone x2  
  55  5:35  Barracks Reactor  
  61  5:39  Supply Depot  
  61  5:41  SCV x2  
  63  5:55  SCV x2  
  63  5:56  Factory  
  65  6:02  Supply Depot  
  65  6:07  SCV x2  
  65  6:10  Raven  
  69  6:16  Cyclone x2  
  75  6:19  SCV x2  
  77  6:29  Command Center  
  77  6:31  SCV  
  77  6:32  SCV  
  79  6:37  Armory  
  79  6:39  Armory  
  79  6:48  Supply Depot x2  
  79  6:53  Hellion x2  
  83  7:15  Factory  
  83  7:17  Factory  
  83  7:18  Factory, Hellion x2, Siege Tank  
  90  7:30  Viking x2  
  90  7:32  Terran Vehicle Weapons Level 1, Terran Vehicle And Ship Armor Level 1  
  94  7:42  Command Center  
  94  7:46  Armory  
  94  7:47  Orbital Command, Hellion x2  
  98  7:53  Supply Depot  
  98  7:57  Supply Depot  
  98  7:58  Siege Tank  
  101  8:06  Viking  
  101  8:07  Orbital Command, Viking  
  105  8:15  Factory Tech Lab  
  105  8:16  Factory Tech Lab x2  
  84  8:36  Hellion x2, Siege Tank x2  
  94  8:51  SCV  
  94  8:54  SCV  
  96  8:59  Orbital Command  
  96  9:02  Refinery  
  96  9:03  SCV  
  96  9:06  SCV, Refinery  
  102  9:10  Hellion x2, Siege Tank x3  
  102  9:15  SCV  
  112  9:18  SCV  
  113  9:27  SCV, Terran Ship Weapons Level 1  
  113  9:30  SCV  
  115  9:39  SCV  
  115  9:42  Missile Turret x2, Terran Vehicle Weapons Level 2  
  115  9:43  Missile Turret, SCV  
  115  9:44  Missile Turret  
  115  9:45  Terran Vehicle And Ship Armor Level 2  
  117  9:51  SCV  
  118  10:01  Hellion x2  
  118  10:02  Siege Tank x2  
  118  10:03  SCV  
  118  10:05  Missile Turret  
  118  10:06  Missile Turret x2  
  129  10:08  Missile Turret  
  129  10:13  Supply Depot  
  129  10:15  Supply Depot  
  129  10:20  Command Center  
  129  10:23  Missile Turret  
  129  10:24  Missile Turret  
  129  10:28  Siege Tank x2  
  123  10:29  Hellion x2  
  127  10:40  Engineering Bay x2  
  127  10:43  Orbital Command, Engineering Bay  
  127  10:47  Engineering Bay  
  127  10:49  Engineering Bay  
  127  10:51  Siege Tank, Hellion x2  
  134  10:58  Viking  
  134  10:59  Viking  
  138  11:06  Hellion  
  131  11:12  Hellion x2  
  131  11:18  Hellion x2  
  120  11:35  Missile Turret x3  
  120  11:37  Missile Turret  
  99  11:40  Orbital Command  
  120  11:50  Viking  
  120  11:51  Viking  
  124  11:59  Command Center  
  124  12:12  Missile Turret  
  124  12:13  Missile Turret x2  
  124  12:14  Missile Turret  
  124  12:15  Missile Turret  
  124  12:16  Orbital Command  
  124  12:26  Hellion x2, Siege Tank x2  
  124  12:27  Siege Tank x2  
  140  12:41  Viking x2  
  144  12:52  Hellion x2  
  145  13:02  Refinery  
  145  13:03  Siege Tank x2  
  145  13:04  Command Center  
  145  13:05  Refinery  
  151  13:08  Sensor Tower  
  151  13:18  Smart Servos, Infernal Pre-Igniter  
  149  13:22  Orbital Command  
  149  13:25  Terran Vehicle Weapons Level 3  
  149  13:37  Viking x2  
  153  13:41  Terran Ship Weapons Level 2  
  153  13:57  Missile Turret  
  153  13:58  Missile Turret  
  153  13:59  Missile Turret  
  153  14:17  Viking x2  
  153  14:20  Terran Vehicle And Ship Armor Level 3  
  157  14:24  Planetary Fortress  
  141  14:43  Siege Tank x4, Hellion x2  
  145  15:04  Viking x2  
  145  15:06  Hellion  
  145  15:07  Hellion  
  153  15:15  Siege Tank  
  153  15:20  Engineering Bay  
  156  15:21  Engineering Bay  
  156  15:22  Engineering Bay  
  156  15:23  Engineering Bay  
  156  15:27  Missile Turret  
  156  15:29  Missile Turret  
  156  15:30  Missile Turret x2  
  156  15:31  Missile Turret  
  156  15:32  Missile Turret  
  156  15:36  Hi-Sec Auto Tracking  
  156  15:39  Orbital Command  
  156  15:48  Missile Turret  
  142  15:57  Siege Tank x2, Hellion x2  
  142  16:04  Siege Tank  
  153  16:33  Structure Armor  
  153  16:40  Command Center  
  153  16:53  Terran Ship Weapons Level 3  
  153  16:58  Orbital Command  
  153  17:00  Viking x2  
  157  17:13  Refinery  
  157  17:14  Refinery  
  157  17:19  Fusion Core  
  157  17:20  Starport  
  157  17:24  Starport  
  153  17:30  Hellion x2, Siege Tank x2  
  158  17:39  Viking x2  
  158  17:40  Siege Tank x2  
  168  17:49  Starport  
  168  17:50  Starport  
  168  17:52  Orbital Command  
  168  17:53  Starport  
  168  17:56  Starport  
  168  18:06  Sensor Tower  
  168  18:09  Missile Turret  
  168  18:11  Missile Turret  
  168  18:25  Siege Tank x4, Command Center, Hellion x2  
  184  18:27  Viking x2  
  185  18:42  Engineering Bay  
  185  18:44  Engineering Bay  
  185  18:47  Sensor Tower  
  185  18:48  Starport Reactor  
  185  18:54  Starport Tech Lab  
  185  19:01  Viking x2  
  172  19:16  Starport Tech Lab  
  164  19:19  Starport Tech Lab  
  164  19:22  Starport Tech Lab  
  164  19:23  Starport Tech Lab  
  164  19:29  Missile Turret x2, Sensor Tower  
  164  19:30  Missile Turret x2  
  164  19:33  Missile Turret  
  164  19:34  Missile Turret  
  164  19:39  Raven x2  
  162  19:53  Viking x3  
  162  19:59  Viking  
  164  20:00  Raven  
  166  20:11  Missile Turret x2  
  166  20:12  Missile Turret  
Show
View Real Time Build Order
Export as new Build Order

PresTiGe Terran - Winner!

Build Orders: Cyclone Opening 

Get SALT Encoding   

  12  0:02  SCV  
  13  0:14  SCV  
  13  0:17  Supply Depot  
  14  0:26  SCV  
  15  0:38  SCV  
  15  0:39  Barracks  
  16  0:44  Refinery  
  16  0:50  SCV  
  16  0:55  Refinery  
  17  1:03  SCV  
  18  1:15  SCV  
  19  1:28  Orbital Command, Reaper  
  20  1:42  Factory  
  20  1:49  Supply Depot  
  20  1:54  SCV  
  20  2:00  Reaper  
  22  2:07  SCV  
  23  2:19  SCV  
  24  2:32  Cyclone  
  24  2:34  Starport  
  24  2:36  Supply Depot  
  27  2:45  SCV  
  27  2:52  Barracks Reactor  
  27  2:59  SCV  
  27  3:01  Command Center  
  28  3:08  Cyclone  
  28  3:12  SCV  
  32  3:20  Starport Tech Lab  
  32  3:24  SCV  
  33  3:29  Marine  
  33  3:30  Marine  
  33  3:33  Supply Depot  
  35  3:38  SCV  
  35  3:40  Banshee  
  39  3:41  Cloaking Field  
  38  3:49  Marine  
  38  3:55  SCV  
  40  4:04  Bunker  
  40  4:07  SCV  
  41  4:12  Marine x2  
  43  4:17  Orbital Command  
  43  4:19  SCV  
  44  4:27  Banshee  
  48  4:31  SCV  
  48  4:33  Engineering Bay  
  48  4:43  SCV x2  
  50  4:55  SCV x2  
  50  4:57  Marine x2  
  54  5:01  Barracks  
  54  5:02  Barracks  
  54  5:03  Barracks  
  54  5:07  SCV x2  
  54  5:09  Refinery x2  
  54  5:11  Supply Depot  
  56  5:25  SCV x2  
  56  5:26  Marine x2  
  57  5:37  SCV  
  57  5:42  SCV  
  60  5:50  SCV  
  60  5:52  Command Center  
  60  5:57  Barracks Reactor, Barracks Tech Lab  
  60  5:59  Terran Infantry Weapons Level 1  
  60  6:01  Factory Tech Lab  
  60  6:03  Marine, SCV  
  59  6:05  Stimpack  
  59  6:10  Marine  
  59  6:11  Marine  
  61  6:12  Starport Reactor  
  61  6:13  SCV  
  61  6:16  SCV  
  63  6:21  Marine, Siege Tank  
  63  6:25  Supply Depot, SCV  
  68  6:26  Supply Depot  
  68  6:28  Supply Depot  
  68  6:31  Combat Shield, Marine x2  
  70  6:46  Missile Turret  
  70  6:47  Marauder, Marine x2, SCV x2  
  76  6:56  Marine x2  
  76  6:57  Marauder  
  76  6:59  SCV x2  
  81  7:04  Siege Tank  
  81  7:05  Viking  
  81  7:07  Missile Turret  
  86  7:13  Orbital Command  
  86  7:14  Marine, SCV x2  
  86  7:15  Marine  
  90  7:23  Marine  
  90  7:24  Marine x2, Marauder  
  95  7:32  Marine x2, SCV x2  
  99  7:39  Supply Depot  
  99  7:42  Marauder, Supply Depot  
  101  7:46  Marauder  
  101  7:50  SCV x2  
  105  7:53  Missile Turret, Terran Infantry Armor Level 1, Factory  
  105  7:54  Marine x2  
  105  7:55  Marine  
  105  7:56  Sensor Tower  
  108  8:00  Marine  
  108  8:01  Armory  
  108  8:03  SCV  
  110  8:11  Marine, SCV x2  
  110  8:12  Marine  
  114  8:15  SCV  
  114  8:17  Supply Depot  
  114  8:18  Supply Depot  
  115  8:23  SCV x2  
  115  8:24  Liberator x2  
  114  8:30  Marine  
  114  8:31  Marine x2, Marauder x2  
  90  8:35  Marine  
  90  8:38  SCV x3  
  90  8:39  Siege Tank  
  93  8:48  Marine x2  
  93  8:49  Marine  
  93  8:50  Factory Tech Lab, SCV  
  93  8:52  Marine  
  93  8:53  Marauder  
  93  8:55  Concussive Shells, Barracks  
  100  9:02  Refinery  
  100  9:04  Refinery  
  100  9:05  Barracks  
  100  9:06  Barracks  
  100  9:07  Barracks  
  100  9:09  Marine x4  
  103  9:11  Marauder  
  103  9:14  Marauder  
  103  9:15  Siege Tank  
  103  9:16  Engineering Bay  
  111  9:17  SCV  
  111  9:18  SCV x2  
  111  9:22  Sensor Tower  
  111  9:24  Siege Tank  
  117  9:25  Medivac  
  117  9:27  Marine x2, Medivac  
  117  9:31  SCV x3  
  125  9:35  Marine x2  
  125  9:36  Marauder  
  130  9:42  Terran Infantry Weapons Level 2  
  130  9:45  Barracks, SCV  
  131  9:54  Marine x2  
  131  9:56  Barracks Tech Lab x2  
  131  9:57  Barracks Tech Lab  
  131  9:58  Marine x2  
  135  10:03  Command Center  
  135  10:08  SCV x2  
  135  10:12  SCV  
  138  10:19  Marine  
  138  10:20  Marauder  
  141  10:42  Terran Infantry Armor Level 2  
  141  10:54  Sensor Tower  
  141  11:10  Marine, Marauder  
  141  11:11  Marauder, Marine x3, SCV  
  141  11:12  Marine  
  141  11:13  Viking, Siege Tank  
  141  11:14  Marauder  
  141  11:15  Marauder x2, Siege Tank  
  141  11:18  SCV x2  
  146  11:20  Terran Vehicle Weapons Level 1  
  146  11:24  Planetary Fortress  
  146  11:27  Missile Turret  
  146  11:28  Missile Turret, Marine x2  
  146  11:29  Marine x2  
  146  11:30  Marine  
  146  11:31  Marauder  
  146  11:32  Viking  
  155  11:35  Barracks Tech Lab  
  155  11:36  Marine  
  155  11:39  Starport  
  156  11:42  Fusion Core  
  156  11:50  Starport  
  156  11:58  Command Center  
  156  12:00  Missile Turret  
  156  12:01  Missile Turret  
  156  12:04  Terran Infantry Weapons Level 3  
  156  12:18  Marauder, SCV  
  156  12:26  Starport Tech Lab  
  156  12:33  Refinery  
  156  12:35  Refinery, Supply Depot x2  
  156  12:36  Supply Depot  
  156  12:39  Marine x2  
  156  12:40  Marine, Supply Depot  
  156  12:41  SCV, Supply Depot x2  
  156  12:42  Marine x2  
  156  12:43  SCV  
  156  12:45  Marine  
  156  12:57  Marauder, SCV x2, Viking x2, Siege Tank x2  
  156  12:58  Marine x2, Marauder x3  
  179  12:59  Marauder  
  179  13:00  Supply Depot, Starport Reactor  
  179  13:01  Marine x2  
  179  13:02  Marauder  
  179  13:03  Marine  
  185  13:09  SCV  
  177  13:15  Marine  
  177  13:16  Marine  
  177  13:18  Marauder  
  177  13:19  Marine x3  
  179  13:20  Marauder x2  
  179  13:21  Marine, Marauder  
  179  13:22  Viking  
  179  13:23  Marauder  
  179  13:26  Terran Infantry Armor Level 3  
  179  13:27  Viking  
  188  13:34  Starport, Marine  
  188  13:35  Starport, Refinery  
  188  13:37  Marauder, Refinery  
  188  13:38  Starport  
  188  13:40  Marauder  
  197  13:41  Marauder x2  
  197  13:42  Marauder  
  196  14:15  SCV x2  
  196  14:23  Command Center  
  196  14:25  Advanced Ballistics  
  191  14:37  Marine  
  191  14:38  Marine x4, Marauder x3  
  153  14:39  Marine, Marauder x2  
  158  14:45  Orbital Command  
  158  14:49  Starport, Starport Tech Lab x2  
  158  14:50  Starport  
  158  14:57  Marauder  
  157  15:02  Marine x3  
  157  15:03  Marauder x2  
  157  15:06  Viking  
  159  15:07  Viking  
  161  15:19  Battlecruiser x3  
  161  15:20  Weapon Refit  
  179  15:23  Terran Ship Weapons Level 1  
  179  15:25  Armory  
  179  15:39  Marine x2  
  179  15:40  Marine, Marauder x3  
  186  15:45  Starport Reactor  
  182  15:51  Starport Tech Lab  
  182  16:01  Marine x3  
  182  16:02  Marine x2, Marauder x4  
  182  16:03  Marauder  
  171  16:13  Battlecruiser  
  169  16:23  Battlecruiser x2  
  169  16:24  Marine x3  
  169  16:25  Marine x2, Marauder x4  
  184  16:26  Marauder  
  184  16:30  Viking x2  
  184  16:31  Viking x4  
  196  16:35  Terran Vehicle And Ship Armor Level 1  
  196  16:38  Orbital Command  
  196  16:40  Sensor Tower, Refinery  
  196  16:43  Refinery  
  196  16:55  Marine x2, Marauder  
  200  17:02  Command Center  
  200  17:05  Command Center  
  200  17:11  Neosteel Frame  
  200  17:12  Structure Armor  
  187  17:35  Viking  
  187  17:36  Viking x3  
  187  17:37  Viking x3  
  172  17:43  Battlecruiser x3  
  194  17:50  SCV x2  
  196  17:56  SCV  
  196  17:57  SCV x3  
  170  18:36  Viking x6  
  170  18:37  Viking  
  170  18:39  Battlecruiser  
  188  18:47  Battlecruiser  
  194  18:57  Battlecruiser  
  194  19:14  Liberator x3  
  194  19:16  Battlecruiser  
  186  19:25  Orbital Command  
  186  19:27  Planetary Fortress  
  186  19:28  SCV  
  196  19:51  Missile Turret  
  194  19:59  Missile Turret x2  
  192  20:02  Command Center  
  198  20:09  Raven  
Tags
 
Add a new tag
Caveats
  • Supply blocks, unpowered buildings, or Contaminate may cause inaccurate times.
  • Supply counts are checked every 10 seconds.